 Dungeon Crawl Stone Soup version 0.26-a0-613-g4f23886233 (webtiles) character file.

Game seed: 11327297326755976774

431 DogServant the Magician (level 6, -1/35 HPs)
             Began as a Deep Elf Air Elementalist on Sept 11, 2020.
             Killed from afar by an orc wizard (8 damage)
             ... with a magic dart
             ... on level 4 of the Dungeon.
             The game lasted 00:17:38 (4278 turns).

DogServant the Magician (Deep Elf Air Elementalist) Turns: 4278, Time: 00:17:39

Health: -1/35      AC: 11    Str:  6    XL:     6   Next: 67%
Magic:  7/16       EV: 13    Int: 21    God:
Gold:   259        SH:  0    Dex: 15    Spells: 9/15 levels left

rFire    . . .     SeeInvis .   t - +2 short sword (protect)
rCold    . . .     Faith    .   (no shield)
rNeg     . . .     Spirit   .   a - +0 robe
rPois    .         Reflect  .   (no helmet)
rElec    .         Harm     .   b - +1 cloak
rCorr    .                      (no gloves)
MR       .....                  (no boots)
Stlth    ++........             (no amulet)
HPRegen  0.11/turn              (no ring)
MPRegen  0.15/turn              (no ring)

@: mighty, swift, protection aura, very quick
A: no striking features
a: no special abilities


You were on level 4 of the Dungeon.
You visited 1 branch of the dungeon, and saw 4 of its levels.

You collected 259 gold pieces.

Inventory:

Hand Weapons
 c - a +0 dagger
 d - a +0 short sword
 g - a +1 dagger of draining
 t - a +2 short sword of protection (weapon)
Armour
 a - a +0 robe (worn)
 b - a +1 cloak (worn)
 r - a +0 cloak
 u - a +0 leather armour
Jewellery
 j - an uncursed amulet of guardian spirit
 q - an uncursed amulet of guardian spirit
 y - a +6 ring of intelligence {unknown}
Scrolls
 f - a scroll of remove curse
 h - 4 scrolls of teleportation {unknown}
 l - 2 scrolls of enchant weapon {unknown}
 m - a scroll of fog {unknown}
 o - a scroll of enchant armour {unknown}
 s - 3 scrolls of identify
 v - a scroll of amnesia {unknown}
 x - a scroll of noise {unknown}
Potions
 i - a potion of might
 k - a potion of cancellation
 n - 2 potions of heal wounds {unknown}
 p - a potion of curing {unknown}
 w - a potion of berserk rage {unknown}


   Skills:
 + Level 2.2 Fighting
 + Level 3.0 Dodging
 - Level 2.5 Stealth
 + Level 5.4 Spellcasting
 + Level 3.5 Conjurations
 + Level 4.7 Air Magic


You had 9 spell levels left.
You knew the following spells:

 Your Spells              Type           Power        Failure   Level
a - Shock                 Conj/Air       ###.         1%          1
b - Swiftness             Air            ####....     2%          2
c - Static Discharge      Conj/Air       ###.....     5%          3

Your spell library contained the following spells:

 Spells                   Type           Power        Failure   Level
 Airstrike                Air            ####......   14%         4
 Lightning Bolt           Conj/Air       ###.......   45%         5


Dungeon Overview and Level Annotations

Branches:
Dungeon (4/15)             Temple (0/1) D:4

Altars:
Sif Muna
Uskayaw


Message History

The orc wizard closely misses you.
Okay, then.
Okay, then.
You feel very mighty all of a sudden. The orc wizard closely misses you.
Casting: Shock (safe; 1% risk of failure)
Confirm with . or Enter, or press ? or * to list all spells.
You feel quick.
The orc wizard mumbles some strange words.
The orc wizard blinks!
The orc wizard casts a spell at you. The magic dart hits you.
* * * LOW HITPOINT WARNING * * *
You barely miss the orc wizard. You puncture the orc wizard!
Your weapon exudes an aura of protection.
The orc wizard is severely wounded.
The orc wizard points at you and mumbles some strange words.
The magic dart hits you!
You die...

,,,,,,*,,,,l....* #...# *...,,,
,,,,,,,,,*#.#.#.#####...###.##,**
,,,,,,*,,,...................#.*,
,,,,,,,,,**##.....####)........,,
,,,,,,*,,*,,##...##,,#.......#...
,,,,,,*,,*,,,##.#*,,,#.o###.#....
,,<,,,,,,**,,,#.#,,,##..##*,|....
*****,**,,**,+#.#+,##....#***....
*,,,,,,,,..###..@###.....# **#..
*,***,*,,......8oo.......# *..
*,***,*,,..###...###...#.# *#.
,,,,,,,,,,**,+#)#+,##..#.# #.
*,**,**,,**,,,#.#,,,##.#.#** #.
*,**,,,,,*,,,##.##,,,#...).######
*,,,,,,,,*,,##...##,,#..##.......
*,*****,.####.....####..##.8.....
*,,,,,,,...............,,........


You could see an orc wizard and an orc.

Vanquished Creatures
  2 phantoms
  A scorpion (D:3)
  11 adders
  2 oozes
  A worm (D:2)
  A dart slug (D:2)
  2 leopard geckos (D:3)
  4 orcs
  A giant cockroach (D:4)
  11 goblins
  11 hobgoblins
  7 jackals
  A quokka (D:4)
  2 ball pythons
  A ball python skeleton (D:4)
  16 bats
  7 frilled lizards
  8 kobolds
  8 rats
97 creatures vanquished.

Vanquished Creatures (others)
  19 plants (D:4)
19 creatures vanquished.

Grand Total: 116 creatures vanquished

Notes
Turn   | Place    | Note
-------+----------+-------------------------------------------
     0 | D:1      | DogServant the Deep Elf Air Elementalist began the quest
                  | for the Orb.
     0 | D:1      | Reached XP level 1. HP: 10/10 MP: 6/6
   260 | D:1      | Reached XP level 2. HP: 8/15 MP: 4/8
   934 | D:1      | Reached XP level 3. HP: 15/19 MP: 8/10
  1568 | D:2      | Learned a level 2 spell: Swiftness
  1600 | D:2      | Reached skill level 4 in Spellcasting
  1666 | D:2      | Learned a level 3 spell: Static Discharge
  1682 | D:2      | Reached XP level 4. HP: 24/24 MP: 8/12
  1886 | D:2      | Reached skill level 1 in Fighting
  2543 | D:2      | Found a shimmering blue altar of Sif Muna.
  2777 | D:3      | Reached XP level 5. HP: 29/29 MP: 7/13
  2967 | D:3      | Noticed a phantom
  3039 | D:3      | Killed a phantom
  3205 | D:3      | Reached skill level 5 in Spellcasting
  3205 | D:3      | Reached XP level 6. HP: 35/35 MP: 5/15
  3947 | D:4      | Found a hide-covered altar of Uskayaw.
  4278 | D:4      | Killed from afar by an orc wizard

Illustrated notes

Levels and vault maps discovered:
D:1:      evilmike_arrival_rings, layout_basic
D:2:      layout_rooms, lemuel_blue_sif_altar
D:3:      layout_loops_ring
D:4:      cheibrodos_barr_body, layout_loops_cross,
          eat_drink_and_be_merry_uskayaw, minmay_temple_entry_oklob,
          uniq_sigmund

Skill      XL: |  1  2  3  4  5  6 |
---------------+-------------------+-----
Spellcasting   | 4 5 |  5.4
Conjurations   | 2 3 |  3.5
Fighting       | 1 2 |  2.2
Air Magic      | 4 |  4.7
Dodging        | 3 |  3.0
Stealth        | |  2.5

Action                   |  1- 3 |  4- 6 || total
-------------------------+-------+-------++-------
Melee: Short sword       |     8 |     8 ||    16
       Unarmed           |     1 |       ||     1
       Dagger            |       |     3 ||     3
 Cast: Shock             |    93 |   123 ||   216
       Swiftness         |       |     2 ||     2
       Static Discharge  |       |    13 ||    13
  Use: Scroll            |     2 |     4 ||     6
       Potion            |       |     1 ||     1
 Stab: Sleeping          |     2 |     1 ||     3
Armor: Robe              |    12 |     6 ||    18
Dodge: Dodged            |    49 |    18 ||    67

Table legend: (Time is in decaauts)
 A = Elapsed time spent in this place.
 B = Non-inter-level travel time spent in this place.
 C = Inter-level travel time spent in this place.
 D = Time resting spent in this place.
 E = Time spent auto-exploring this place.
 F = Levels seen in this place.
 G = Mean time per level.
                   A        B        C        D        E       F      G
               +--------+--------+--------+--------+--------+-----+--------+
         Total |   4274 |   4157 |    117 |      0 |   3456 |   4 | 1068.5 |
       Dungeon |   4274 |   4157 |    117 |      0 |   3456 |   4 | 1068.5 |
               +--------+--------+--------+--------+--------+-----+--------+

Top non-repeatable levels by time:
     D:2: 1392 daAuts
     D:1: 1322 daAuts
     D:3: 1227 daAuts
     D:4: 331 daAuts
